 Dungeon Crawl Stone Soup version 0.30-a0-900-g23479c02f2 (webtiles) character file.

Game seed: 11166442737192267192

445 Sobieck the Sneak (level 6, -12/30 HPs)
             Began as a Spriggan Earth Elementalist on Mar 18, 2023.
             Mangled by an orc warrior
             ... wielding a +0 hand axe
              (16 damage)
             ... on level 3 of the Dungeon.
             The game lasted 00:07:34 (3993 turns).

Sobieck the Sneak (Spriggan Earth Elementalist)     Turns: 3993, Time: 00:07:35

Health: -12/30     AC:  2    Str:  4    XL:     6   Next: 72%
Magic:  4/14       EV: 19    Int: 19    God:
Gold:   115        SH:  0    Dex: 15    Spells: 8/14 levels left

rFire   + . .      SeeInvis +    q - +8 war axe of the Original Sin {holy, rF+, axe}
rCold   . . .      Faith    .    (no shield)
rNeg    . . .      Spirit   .    a - +0 robe
rPois   .          Reflect  .    (helmet restricted)
rElec   .          Rampage  .    r - scarf {repulsion}
rCorr   .                        (gloves unavailable)
Will    +....                    (boots unavailable)
Stlth   +++                      (no amulet)
HPRegen 0.25/turn                (no ring)
MPRegen 0.14/turn                (no ring)

@: repel missiles, very quick
A: very small, no large weapons, unfitting armour, see invisible, speed 3
a: no special abilities


You were on level 3 of the Dungeon.
You visited 1 branch of the dungeon, and saw 4 of its levels.
You also visited: Sewer.

You collected 115 gold pieces.


Innate Abilities, Weirdness & Mutations

You are very small and have problems with some larger weapons.
You are too small for most types of armour.
You have supernaturally acute eyesight. (SInv)
You cover ground extremely quickly. (Speed+++)


   Skills:
 + Level 2.3 Fighting
 + Level 4.8 Dodging
 + Level 5.7 Stealth
 + Level 4.6 Spellcasting
 - Level 1.3 Transmutations
 + Level 3.8 Earth Magic


You had 8 spell levels left.
You knew the following spells:

 Your Spells              Type           Power      Damage    Failure   Level
a - Sandblast             Erth           38%        2d10      2%          1
b - Passwall              Tmut/Erth      11%        N/A       7%          2
c - Stone Arrow           Conj/Erth      22%        3d8       17%         3

Your spell library contained the following spells:

 Spells                   Type           Power      Damage    Failure   Level
 Slow                     Hex            16%        N/A       13%         1
 Ozocubu's Armour         Ice            4%         N/A       36%         3
 Petrify                  Tmut/Erth      14%        N/A       41%         4
 Leda's Liquefaction      Hex/Erth       5%         N/A       50%         4
 Fulminant Prism          Conj/Hex       2%         3d5       78%         4
 Summon Ice Beast         Ice/Summ       4%         N/A       78%         4
 Yara's Violent Unravell  Hex/Tmut       3%         3d4       95%         5
 Fireball                 Conj/Fire      2%         3d4       98%         5
 Iskenderun's Battlesphe  Conj           4%         2d6       98%         5
 Summon Forest            Summ/Tloc      2%         N/A       98%         5
 Summon Mana Viper        Hex/Summ       4%         N/A       98%         5
 Conjure Ball Lightning   Conj/Air       2%         3x3d6     100%        6
 Monstrous Menagerie      Summ           2%         N/A       100%        7
 Orb of Destruction       Conj           2%         9d5       100%        7
 Ozocubu's Refrigeration  Ice            2%         4d7       100%        7

Inventory:

Hand Weapons
 e - a +0 spear {polearm}
   (You found it on level 1 of the Dungeon)
 f - a +0 club {mace}
   (You took it off a goblin on level 1 of the Dungeon)
 g - a +0 dagger {short}
   (You took it off a goblin on level 1 of the Dungeon)
 q - the +8 war axe of the Original Sin (weapon) {holy, rF+, axe}
   (You found it on level 2 of the Dungeon)

   rF:        It protects you from fire.
Missiles
 h - 15 stones {throwing}
Armour
 a - a +0 robe (worn)
 i - a +0 robe
   (You found it on level 1 of the Dungeon)
 l - a +0 robe
   (You found it on level 1 of the Dungeon)
 r - a scarf of repulsion (worn)
   (You found it on level 2 of the Dungeon)
 w - a +0 animal skin
   (You took it off Robin on level 3 of the Dungeon)
Wands
 t - a wand of iceblast (6)
   (You found it in a sewer)
 v - a wand of light (12)
   (You found it on level 2 of the Dungeon)
 x - a wand of charming (8)
   (You found it on level 3 of the Dungeon)
Scrolls
 d - a scroll of teleportation {@r4}
 j - a scroll of noise {unknown}
 k - 2 scrolls of enchant armour
 n - a scroll of fog {unknown}
 s - a scroll of immolation {unknown}
 u - a scroll of fear {unknown}
 y - a scroll of blinking {!r}
Potions
 b - a potion of magic
 c - 4 potions of curing {@q1}
 m - a potion of resistance
 o - 2 potions of berserk rage {!q}
 p - a potion of invisibility

Dungeon Overview and Level Annotations

Branches:
Dungeon (4/15) Zot: 21428   Sewer (visited)
 Temple: D:4-7

Altars:
Cheibriados
The Shining One

Annotations:
D:3 3 runed translucent doors, Firecrotchwizard's ghost, amateur HOBe
D:4 Sigmund

#.#.#KKK..#### ##.##
##.#.##WK~##.# ##.##
#.....######.####...##
#..####...>..........#
#..#.........####...##
#.......####.# ##.##
#.##.##.####.# #..#
#.##.##...##o# #..#
#.##.####.##@# #..#
##.##.####.##.# #..#
##..##.##......# #..#
###...##.##.#.#..# #.##
...........>.....# #.#
#.......##..#.#.## #.#
##......##......#####.#
###..≈≈≈≈≈≈≈.≈≈≈≈≈≈≈#.#
# ##.≈#####≈.≈#####≈#.#


You could see an orc warrior.


Message History

You slash the orc!
You kill the orc!
You hit the orc warrior but do no damage.
The orc warrior closely misses you.
The orc throws a silver boomerang.
The silver boomerang misses you. The orc warrior completely misses you.
The orc throws a silver boomerang.
The silver boomerang barely misses you.
Unknown command.
You hit the orc warrior but do no damage.
The orc warrior completely misses you.
Unknown command.
Unknown command.
Unknown command.
Casting: Sandblast (safe; 2% risk of failure)
Confirm with . or Enter, or press ? or * to list all spells.
Aiming: Sandblast (safe; 2% risk of failure)
Press: ? - help, Shift-Dir - straight line, f/p - orc warrior
Aim: an orc warrior, wielding a +0 hand axe and wearing a +0 plate armour (moderately wounded, 82% to hit)
The blast of sand hits the orc warrior but does no damage.
Casting: Sandblast (safe; 2% risk of failure)
Confirm with . or Enter, or press ? or * to list all spells.
Aiming: Sandblast (safe; 2% risk of failure)
Press: ? - help, Shift-Dir - straight line, f/p - orc warrior
Aim: an orc warrior, wielding a +0 hand axe and wearing a +0 plate armour (moderately wounded, 82% to hit)
The blast of sand hits the orc warrior!
The orc warrior misses you.
Unknown command.
Casting: Sandblast (safe; 2% risk of failure)
Confirm with . or Enter, or press ? or * to list all spells.
Aiming: Sandblast (safe; 2% risk of failure)
Press: ? - help, Shift-Dir - straight line, f/p - orc warrior
Aim: an orc warrior, wielding a +0 hand axe and wearing a +0 plate armour (severely wounded, 82% to hit)
The blast of sand hits the orc warrior but does no damage.
Casting: Sandblast (safe; 2% risk of failure)
Confirm with . or Enter, or press ? or * to list all spells.
Aiming: Sandblast (safe; 2% risk of failure)
Press: ? - help, Shift-Dir - straight line, f/p - orc warrior
Aim: an orc warrior, wielding a +0 hand axe and wearing a +0 plate armour (severely wounded, 82% to hit)
The blast of sand hits the orc warrior but does no damage.
The orc warrior barely misses you.
The orc throws a silver boomerang.
The silver boomerang misses you.
Casting: Sandblast (safe; 2% risk of failure)
Confirm with . or Enter, or press ? or * to list all spells.
Aiming: Sandblast (safe; 2% risk of failure)
Press: ? - help, Shift-Dir - straight line, f/p - orc warrior
Aim: an orc warrior, wielding a +0 hand axe and wearing a +0 plate armour (severely wounded, 82% to hit)
The blast of sand hits the orc warrior but does no damage.
Casting: Sandblast (safe; 2% risk of failure)
Confirm with . or Enter, or press ? or * to list all spells.
Aiming: Sandblast (safe; 2% risk of failure)
Press: ? - help, Shift-Dir - straight line, f/p - orc warrior
Aim: an orc warrior, wielding a +0 hand axe and wearing a +0 plate armour (severely wounded, 82% to hit)
The blast of sand misses the orc warrior.
The orc throws a silver boomerang.
The silver boomerang misses you.
Casting: Sandblast (safe; 2% risk of failure)
Confirm with . or Enter, or press ? or * to list all spells.
Aiming: Sandblast (safe; 2% risk of failure)
Press: ? - help, Shift-Dir - straight line, f/p - orc warrior
Aim: an orc warrior, wielding a +0 hand axe and wearing a +0 plate armour (severely wounded, 82% to hit)
The blast of sand hits the orc warrior but does no damage.
Unknown command.
There is a stone staircase leading up here.
Casting: Sandblast (safe; 2% risk of failure)
Confirm with . or Enter, or press ? or * to list all spells.
Aiming: Sandblast (safe; 2% risk of failure)
Press: ? - help, Shift-Dir - straight line, f/p - orc warrior
Aim: an orc warrior, wielding a +0 hand axe and wearing a +0 plate armour (severely wounded, 82% to hit)
The blast of sand hits the orc warrior but does no damage.
The orc warrior hits you with a +0 hand axe!
* * * LOW HITPOINT WARNING * * *
You climb upwards.
Level annotation: 3 runed translucent doors, Firecrotchwizard's ghost, amateur HOBe Natasha, Servant of Life and Death comes into view.
There is a stone staircase leading down here.
Unknown command.
Natasha hisses angrily.
Casting: Sandblast (safe; 2% risk of failure)
Confirm with . or Enter, or press ? or * to list all spells.
Aiming: Sandblast (safe; 2% risk of failure)
Press: ? - help, Shift-Dir - straight line, f - Natasha
Aim: Natasha (77% to hit)
The blast of sand hits Natasha.
Natasha stares at you and mumbles some strange words.
The magic dart hits you!
* * * LOW HITPOINT WARNING * * *
Casting: Sandblast (safe; 2% risk of failure)
Confirm with . or Enter, or press ? or * to list all spells.
Aiming: Sandblast (safe; 2% risk of failure)
Press: ? - help, Shift-Dir - straight line, f/p - Natasha
Aim: Natasha (moderately wounded, 77% to hit)
The blast of sand hits Natasha!
You kill Natasha!
You feel Natasha's spirit has finally been put to rest.
Casting: Sandblast (safe; 2% risk of failure)
Confirm with . or Enter, or press ? or * to list all spells.
Aiming: Sandblast (safe; 2% risk of failure)
Press: ? - help, Shift-Dir - straight line, f - orc warrior
Aim: an orc warrior, wielding a +0 hand axe and wearing a +0 plate armour (severely wounded, 82% to hit)
The blast of sand hits the orc warrior but does no damage.
The orc warrior hits you with a +0 hand axe!
Ouch! That really hurt!
You die...

Skill      XL: |  1  2  3  4  5  6 |
---------------+-------------------+-----
Dodging        | 3 4 |  4.8
Spellcasting   | 3 4 |  4.6
Earth Magic    | 3 |  3.8
Fighting       | 1 2 |  2.3
Stealth        | 4 5 |  5.7
Transmutations | |  1.3

Action                     |  1- 3 |  4- 6 || total
---------------------------+-------+-------++-------
  Melee: Dagger            |     3 |       ||     3
         War axe           |    22 |    37 ||    59
   Cast: Sandblast         |    61 |    69 ||   130
    Use: Scroll            |       |     7 ||     7
   Stab: Sleeping          |       |     4 ||     4
 Armour: Robe              |     3 |     3 ||     6
  Dodge: Dodged            |    49 |    56 ||   105
         Repelled          |       |     1 ||     1

Levels and vault maps discovered:
D:1:      psy_arrival_heroes, layout_loops_cross, corexii_leaking_fountain,
          chequers_serial_rivers_micro_a, minmay_rat_gold_closets
D:2:      layout_rooms
D:3:      layout_loops_ring, nicolae_overflow_two_pavilions,
          gammafunk_ghost_nasty_kobolds, shapermc_ecumenical_altar_flowoftime,
          minmay_misc_feat_x, uniq_natasha, uniq_robin
D:4:      layout_layer_cave, minmay_temple_entry_tees, portal_sewer_entry_a,
          minmay_a_box_with_orc_wizards_in_it, uniq_sigmund, uniq_ijyb

Notes
Turn   | Place    | Note
-------+----------+-------------------------------------------
     0 | D:1      | Sobieck the Spriggan Earth Elementalist began the quest for
                  | the Orb.
     0 | D:1      | Reached XP level 1. HP: 9/9 MP: 5/5
   259 | D:1      | Reached XP level 2. HP: 13/13 MP: 4/6
   264 | D:1      | Reached skill level 3 in Dodging
   399 | D:1      | Reached skill level 3 in Spellcasting
   838 | D:1      | Reached XP level 3. HP: 17/17 MP: 6/8
   938 | D:1      | Reached skill level 3 in Earth Magic
  1153 | D:2      | Identified the +8 war axe of the Original Sin {holy, rF+}
  1311 | D:2      | Reached skill level 1 in Fighting
  1311 | D:2      | Reached skill level 4 in Stealth
  1854 | D:3      | Noticed a scorpion
  1881 | D:3      | Killed a scorpion
  1882 | D:3      | Reached XP level 4. HP: 22/22 MP: 4/10
  1977 | D:3      | Noticed Natasha
  1985 | D:3      | Killed Natasha
  1986 | D:3      | Reached skill level 4 in Dodging
  1986 | D:3      | Reached XP level 5. HP: 21/25 MP: 5/11
  2062 | D:3      | Noticed Robin
  2066 | D:3      | Killed Robin
  2269 | D:3      | You add the spells Ozocubu's Armour and Ozocubu's
                  | Refrigeration to your library.
  2273 | D:3      | Learned a level 2 spell: Passwall
  2277 | D:3      | Learned a level 3 spell: Stone Arrow
  2316 | D:3      | Found a runed translucent gate.
  2316 | D:3      | Found a runed translucent gate.
  2316 | D:3      | Noticed Firecrotchwizard's ghost (amateur HOBe)
  2317 | D:3      | Found a runed translucent gate.
  2460 | D:3      | Found a snail-covered altar of Cheibriados.
  2460 | D:3      | Found a glowing golden altar of the Shining One.
  2625 | D:3      | Found a faded altar of an unknown god.
  2627 | D:3      | Noticed Natasha
  2636 | D:3      | Killed Natasha
  2637 | D:3      | Reached skill level 4 in Spellcasting
  2875 | D:4      | Reached skill level 5 in Stealth
  3060 | D:4      | You add the spells Slow, Fulminant Prism, Leda's
                  | Liquefaction, Yara's Violent Unravelling and Summon Forest
                  | to your library.
  3060 | D:4      | Got the Elucidation of Helpful Charms
  3061 | D:4      | Found a glowing drain.
  3081 | Sewer    | Entered a sewer
  3113 | Sewer    | Reached XP level 6. HP: 30/30 MP: 11/13
  3267 | Sewer    | Reached skill level 2 in Fighting
  3443 | Sewer    | You pick up a book of Beasts and begin reading...
  3443 | Sewer    | You add the spells Summon Ice Beast, Summon Mana Viper and
                  | Monstrous Menagerie to your library.
  3450 | Sewer    | You pick up a book of the Spheres and begin reading...
  3450 | Sewer    | You add the spells Iskenderun's Battlesphere, Fireball,
                  | Conjure Ball Lightning and Orb of Destruction to your
                  | library.
  3714 | D:4      | Noticed an orc warrior
  3718 | D:4      | Noticed Sigmund
  3749 | D:4      | HP: 1/30 [orc warrior/+0 hand axe (7)]
  3985 | D:3      | Noticed Natasha
  3991 | D:3      | HP: 4/30 [Natasha/magic dart (9)]
  3992 | D:3      | Killed Natasha
  3993 | D:3      | Mangled by an orc warrior

Vanquished Creatures
  2 bullfrogs (Sewer)
  A scorpion (D:3)
  A jelly (D:4)
  Natasha (thrice) (D:3)
  Robin (D:3)
  3 adders
  A river rat (D:4)
  A dart slug (D:1)
  3 orcs
  13 ball pythons
  6 endoplasms
  4 giant cockroaches
  15 goblins
  13 hobgoblins
  6 jackals
  3 quokkas
  6 bats
  9 frilled lizards
  A kobold (D:4)
  13 rats
105 creatures vanquished.

Vanquished Creatures (others)
  4 plants (D:3)
  7 withered plants (D:3)
11 creatures vanquished.

Grand Total: 116 creatures vanquished

Table legend:
 A = Non-vault XP
 B = Vault XP
 C = Vault XP percentage of total XP
 D = Non-vault monster count
 E = Vault monster count
 F = Vault count percentage of total count
                 A         B        C        D         E       F
            +---------+---------+-------+---------+---------+-------
      Total |     317 |     319 |  50.2 |      61 |      44 |  41.9
            +---------+---------+-------+---------+---------+-------
        D:1 |      43 |       9 |  17.3 |      23 |       9 |  28.1
        D:2 |      34 |       0 |   0.0 |      12 |       0 |   0.0
        D:3 |     181 |      63 |  25.8 |      16 |      10 |  38.5
        D:4 |      59 |      18 |  23.4 |      10 |       5 |  33.3
      Sewer |       0 |     229 | 100.0 |       0 |      20 | 100.0
            +---------+---------+-------+---------+---------+-------

Illustrated notes

Table legend:
 A = Kills in this place as a percentage of kills in the entire game.
 B = Kills by you in this place as a percentage of kills by you in the entire game.
 C = Kills by friends in this place as a percentage of kills by friends in the entire game.
 D = Other kills in this place as a percentage of other kills in the entire game.
 E = Experience gained in this place as a percentage of experience gained in the entire game.
 F = Experience gained in this place divided by the number of levels of this place that you have seen.
                   A       B       C       D       E      F
               +-------+-------+-------+-------+-------+----------------------
         Total | 100.0 | 100.0 |   N/A |   N/A | 100.0 | 127.2
       Dungeon |  81.0 |  81.0 |   N/A |   N/A |  64.0 | 101.8
         Sewer |  19.0 |  19.0 |   N/A |   N/A |  36.0 | 229.0
               +-------+-------+-------+-------+-------+----------------------

Table legend: (Time is in decaauts)
 A = Elapsed time spent in this place.
 B = Non-inter-level travel time spent in this place.
 C = Inter-level travel time spent in this place.
 D = Time resting spent in this place.
 E = Time spent auto-exploring this place.
 F = Levels seen in this place.
 G = Mean time per level.
                   A        B        C        D        E       F      G
               +--------+--------+--------+--------+--------+-----+--------+
         Total |   3088 |   3008 |     80 |    140 |   2222 |   5 |  617.6 |
       Dungeon |   2569 |   2489 |     80 |     74 |   1893 |   4 |  642.2 |
         Sewer |    519 |    519 |      0 |     66 |    329 |   1 |  519.0 |
               +--------+--------+--------+--------+--------+-----+--------+

Top non-repeatable levels by time:
     D:3: 902 daAuts
     D:1: 869 daAuts
   Sewer: 519 daAuts
     D:2: 454 daAuts
     D:4: 343 daAuts
